[Event "Early-Titled-Tuesday-Blitz-March-05-2024"]
[Site "Chess.com"]
[Date "2024.03.05"]
[Round "5"]
[White "AsaHoffmann"]
[Black "LuisFSiles"]
[Result "1-0"]
[WhiteElo "2425"]
[BlackElo "2251"]
[TimeControl "180+1"]
[EndTime "8:56:36 PST"]
[Termination "AsaHoffmann won on time"]

1. d4 Nf6 2. Bg5 Ne4 3. Bf4 e6 4. Nd2 Bd6 5. Bxd6 Nxd6 6. e4 f5 7. e5 Nf7 8. Ngf3 b6 9. c4 Bb7 10. Bd3 O-O 11. Qc2 Nc6 12. a3 Ng5 13. O-O-O Nxf3 14.
Nxf3 Ne7 15. Qe2 Ng6 16. g3 f4 17. g4 Nh4 18. Be4 Bxe4 19. Qxe4 Nxf3 20. Qxf3 c6 21. h4 a6 22. d5 cxd5 23. cxd5 Qc7+ 24. Kb1 Qxe5 25.
Rhe1 Qf6 26. g5 Qf5+ 27. Ka1 Rac8 28. dxe6 dxe6 29. Qb7 Rb8 30. Qxa6 e5 31. Qb5 Rfe8 32. Rd5 Qc2 33. Rdxe5 Rxe5 34. Qxe5 Rc8 35. Qxf4 1-0

[Event "Early-Titled-Tuesday-Blitz-March-05-2024"]
[Site "Chess.com"]
[Date "2024.03.05"]
[Round "5"]
[White "Msb2"]
[Black "jens1102"]
[Result "1-0"]
[WhiteElo "3020"]
[BlackElo "2629"]
[TimeControl "180+1"]
[EndTime "8:56:37 PST"]
[Termination "Msb2 won by resignation"]

1. d4 Nf6 2. c4 e6 3. Nc3 Bb4 4. e3 O-O 5. Bd2 d5 6. Nf3 Re8 7. Rc1 b6 8. cxd5 exd5 9. Ne5 Bb7 10. Bd3 c5 11. a3 Ba5 12. O-O Nbd7 13. f4 Ne4 14. Nxe4 dxe4 15. Bc4 Bxd2 16. Bxf7+ Kh8 17.
Qxd2 Nxe5 18. Bxe8 Nd3 19. Bb5 Nxc1 20. Rxc1 cxd4 21.
Qxd4 Qxd4 22. exd4 a6 23. Rc7 Bd5 24. Bc6 Bxc6 25. Rxc6 b5 26. Kf2 a5 27. Ke3 b4 28.
axb4 axb4 29. Rb6 Kg8 30. Rxb4 Kf7 31. Rb7+ Kf6 32. Rb6+ Kf5 33. h3 h5 34. Rb5+ Kg6 35.
Kxe4 Re8+ 36. Re5 Rb8 37. Rg5+ Kf6 38. Rxh5 Rxb2 39. Rg5 Re2+ 40. Kf3 Re1 41. Ra5 Rd1 42. Ra6+ Kf7 43. Ke4 Re1+ 44. Kf5 Rd1 45. Ra7+ Kf8 46.
Kg6 Rxd4 47. Rf7+ Ke8 48. Kxg7 Rd2 49. g4 Rh2 50. g5 Rxh3 51. g6 1-0

[Event "Early-Titled-Tuesday-Blitz-March-05-2024"]
[Site "Chess.com"]
[Date "2024.03.05"]
[Round "5"]
[White "SpeedofLight0"]
[Black "esrosenberg"]
[Result "1-0"]
[WhiteElo "3061"]
[BlackElo "2458"]
[TimeControl "180+1"]
[EndTime "8:56:38 PST"]
[Termination "SpeedofLight0 won by resignation"]

1. d4 d5 2. Nc3 Nf6 3. Bf4 a6 4. e3 e6 5. Nf3 c5 6. Bd3 b5 7.
O-O Bb7 8. a3 Nc6 9. Bg5 c4 10.
Be2 Be7 11. Ne5 Nxe5 12. dxe5 Nd7 13. Bxe7 Qxe7 14. Qd4 O-O 15. Bf3 f6 16. exf6 Rxf6 17. e4 e5 18. Nxd5 exd4 19. Nxe7+ Kf7 20. Nf5 Rxf5 21.
exf5 Bxf3 22. gxf3 Ne5 23. Kg2 Kf6 24. Rad1 Rd8 25.
f4 Ng4 26. Rfe1 Kxf5 27. h3 Nf6 28. Kf3 Rd6 29. Re5+ Kg6 30. f5+ Kf7 31. Re6 Rd5 32. Rxa6 Rxf5+ 33. Ke2 Re5+ 34. Kf1 Re4 35. Rd6 1-0

[Event "Early-Titled-Tuesday-Blitz-March-05-2024"]
[Site "Chess.com"]
[Date "2024.03.05"]
[Round "5"]
[White "MasterKroket"]
[Black "biostatistician"]
[Result "1-0"]
[WhiteElo "2485"]
[BlackElo "2601"]
[TimeControl "180+1"]
[EndTime "8:56:40 PST"]
[Termination "MasterKroket won by resignation"]

1. e4 e5 2. Nf3 Nc6 3. Bb5 Nf6 4. O-O Nxe4 5. d4 Nd6 6. Bxc6 dxc6 7. dxe5 Nf5 8.
Qxd8+ Kxd8 9. Nc3 Be7 10. Ne4 Nh4 11. Nxh4 Bxh4 12. Bg5+ Bxg5 13. Nxg5 Ke7 14. f4 Bf5 15. c3 Rad8 16. Nf3 c5 17. Rfd1 Bc2 18. Rxd8 Rxd8 19.
Re1 a5 20. Kf2 b5 21. Re2 Bb1 22. a3 b4 23. axb4 cxb4 24. cxb4 axb4 25. Rd2 Rd3 26. Rxd3 Bxd3 27. Ke3 Bf1 28. g3 c5 29. Nd2 Bb5 30.
Ne4 c4 31. Kd4 Ke6 32. g4 g6 33.
Nc5+ Ke7 34. f5 gxf5 35. gxf5 f6 36. e6 Kd6 37. Ne4+ Ke7 38. Nd2 c3 39. bxc3 bxc3 40.
Kxc3 Kd6 41. Kd4 Ba4 42. Ne4+ Ke7 43. Ke3 Bc2 44. Kf4 Bb1 45. Nc3 Bd3 46. Nd5+ Kf8 47.
Nxf6 1-0

[Event "Early-Titled-Tuesday-Blitz-March-05-2024"]
[Site "Chess.com"]
[Date "2024.03.05"]
[Round "5"]
[White "RobertoJBM"]
[Black "BilicVladimir"]
[Result "1-0"]
[WhiteElo "2848"]
[BlackElo "2625"]
[TimeControl "180+1"]
[EndTime "8:56:42 PST"]
[Termination "RobertoJBM won by resignation"]

1. d4 d5 2. Nf3 Nf6 3. e3 c6 4.
Be2 Bf5 5. Bd3 Bxd3 6. Qxd3 e6 7. Nbd2 Nbd7 8. e4 dxe4 9. Nxe4 Nxe4 10. Qxe4 Nf6 11. Qe2 Be7 12. Bd2 Qd5 13. c4 Qe4 14.
Qxe4 Nxe4 15. Be3 O-O-O 16. O-O-O Bf6 17. Kc2 b6 18. Rd3 Kb7 19. Rhd1 Rd7 20. Ne5 Bxe5 21.
dxe5 Rxd3 22. Rxd3 Kc7 23. f3 Nc5 24. Bxc5 bxc5 25.
Ra3 Kb6 26. Rd3 Kc7 27. f4 g6 28. Kd2 Rb8 29. b3 a5 30. a4 h6 31. Ke3 Rg8 32.
Ke4 Rh8 33. g4 Rg8 34. Rh3 Rh8 35. f5 exf5+ 36. gxf5 g5 37. f6 g4 38. Rh5 Kd7 39. Kf5 Rg8 40. Rxh6 g3 41. hxg3 Rxg3 42. Rh7 Ke8 43.
Rh8+ Kd7 44. Rf8 Rf3+ 45. Ke4 Rxb3 46. Rxf7+ Kd8 47. e6 Rb1 48. Ra7 Re1+ 49. Kf5 Rf1+ 50. Kg6 1-0

[Event "Early-Titled-Tuesday-Blitz-March-05-2024"]
[Site "Chess.com"]
[Date "2024.03.05"]
[Round "5"]
[White "aridannie"]
[Black "Dale"]
[Result "1-0"]
[WhiteElo "2364"]
[BlackElo "2098"]
[TimeControl "180+1"]
[EndTime "8:56:42 PST"]
[Termination "aridannie won on time"]

1. c4 a6 2. d4 g6 3. g3 d6 4. Bg2 h5 5. h4 Nh6 6. Nc3 Nc6 7. Nf3 Bd7 8. Bg5 f6 9. Bd2 Nf7 10. Qc2 Bf5 11. e4 Bd7 12. a3 e5 13.
Be3 g5 14. hxg5 fxg5 15. d5 Na5 16. Ne2 c5 17. b4 cxb4 18. axb4 Nxc4 19. Qxc4 Rc8 20.
Qb3 Bb5 21. Qb2 g4 22. Nh4 Rg8 23. Nf5 Ng5 24. Bxg5 Qxg5 25. Rc1 Rxc1+ 26. Qxc1 Qxc1+ 27. Nxc1 Kd7 28. Rxh5 1-0

[Event "Early-Titled-Tuesday-Blitz-March-05-2024"]
[Site "Chess.com"]
[Date "2024.03.05"]
[Round "5"]
[White "ElVital"]
[Black "abelmat"]
[Result "1-0"]
[WhiteElo "2347"]
[BlackElo "2047"]
[TimeControl "180+1"]
[EndTime "8:56:43 PST"]
[Termination "ElVital won by resignation"]

1. d4 d5 2. c4 e6 3. Nc3 Nf6 4. cxd5 exd5 5. Bg5 c6 6. e3 Be7 7. Bd3 O-O 8. Qc2 Nbd7 9. Nge2 Re8 10. O-O Ne4 11.
Bf4 Ndf6 12. f3 Nxc3 13. bxc3 Bd6 14. e4 dxe4 15. fxe4 Bxf4 16. Nxf4 Ng4 17. Rae1 h6 18.
e5 h5 19. h3 Qh4 20. hxg4 hxg4 21. g3 Qxg3+ 22. Qg2 Qh4 23. Bc4 Bf5 24. Re3 Re7 25.
Rg3 g5 26. Nh5 Qxh5 27. Rxf5 Kg7 28. Rxg4 f6 29. exf6+ Kg6 30. Rgxg5+ Qxg5 31. Qxg5+ 1-0

[Event "Early-Titled-Tuesday-Blitz-March-05-2024"]
[Site "Chess.com"]
[Date "2024.03.05"]
[Round "5"]
[White "PeshkaCh"]
[Black "Practical-Play"]
[Result "1-0"]
[WhiteElo "2828"]
[BlackElo "2521"]
[TimeControl "180+1"]
[EndTime "8:56:45 PST"]
[Termination "PeshkaCh won by checkmate"]

1. e4 c5 2. b3 Nc6 3. Bb2 d6 4. Bb5 Bd7 5. f4 a6 6. Bxc6 Bxc6 7. Nc3 Nf6 8. Qe2 e6 9. O-O-O b5 10. e5 dxe5 11.
fxe5 Nd5 12. Ne4 Qa5 13. Rf1 Qxa2 14. Qf3 Ra7 15. Nd6+ Kd8 16. Ne2 f6 17. Nc3 Nxc3 18.
Qxc3 Bd5 19. Qxc5 Rc7 20. Qb6 Bxb3 21. Qb8+ Kd7 22. Qe8# 1-0

[Event "Early-Titled-Tuesday-Blitz-March-05-2024"]
[Site "Chess.com"]
[Date "2024.03.05"]
[Round "5"]
[White "Hongjin"]
[Black "Anton_Demchenko"]
[Result "0-1"]
[WhiteElo "2677"]
[BlackElo "2906"]
[TimeControl "180+1"]
[EndTime "8:56:47 PST"]
[Termination "Anton_Demchenko won by resignation"]

1. e4 e5 2. Nf3 Nc6 3. d4 exd4 4.
Bc4 Nf6 5. e5 d5 6. Bb5 Nd7 7. O-O Be7 8. Re1 O-O 9. Bxc6 bxc6 10.
Nxd4 Nb8 11. Bf4 a5 12. a4 Ra6 13. Nc3 c5 14. Nb3 Be6 15. Qd2 c6 16. Rad1 Nd7 17. Qe2 Qc8 18. Nb1 Re8 19. Bd2 Bd8 20. f4 Bb6 21. Be3 Nf8 22. Qf2 d4 23. Bc1 d3 24. Kh1 c4 25. Qf3 dxc2 0-1

[Event "Early-Titled-Tuesday-Blitz-March-05-2024"]
[Site "Chess.com"]
[Date "2024.03.05"]
[Round "5"]
[White "mary-sanna"]
[Black "LLariMarc"]
[Result "1-0"]
[WhiteElo "2227"]
[BlackElo "2376"]
[TimeControl "180+1"]
[EndTime "8:56:48 PST"]
[Termination "mary-sanna won by resignation"]

1. d4 f5 2. c4 Nf6 3. Nf3 g6 4. Bg5 Bg7 5. Nc3 O-O 6. Qd2 e6 7. e3 d6 8. h4 h6 9. Bf4 Nbd7 10. Bd3 a6 11. O-O-O b6 12. e4 fxe4 13. Nxe4 Bb7 14. Nxf6+ Qxf6 15. Bxh6 Bxh6 16. Qxh6 Bxf3 17. gxf3 Qf4+ 18.
Qxf4 Rxf4 19. Bxg6 Raf8 20. Be4 e5 21. Rdg1+ Kf7 22.
d5 Nc5 23. h5 Nxe4 24. fxe4 Rxe4 25. h6 Rxc4+ 26. Kb1 Rh8 27. Rg7+ Kf6 28. Rd7 Rc5 29. h7 Rxd5 30. Rg1 Rd2 31. Rg8 Rxh7 32. Rxh7 c5 33.
Rb7 b5 34. Ra7 Ke6 35. Re8+ Kd5 36. Rf8 Kc4 37. Kc1 Re2 38. Rxa6 d5 39. a4 b4 40. Rc6 d4 41. a5 b3 42. a6 Kd3 43.
Rf3+ Ke4 44. Rxb3 Re1+ 45. Kd2 Ra1 46. Rxc5 Rxa6 47. Rbb5 Re6 48. f3+ Kf4 49. Ke2 Re8 50. b4 Re7 51. Rd5 Re8 52. Rbc5 Re7 53. b5 Re8 54. b6 Re7 55. Rc7 Re8 56. b7 Rh8 57. Rc8 Rh2+ 58. Kd3 Rb2 59. b8=Q Rxb8 60. Rxb8 Kxf3 61.
Rf8+ 1-0

[Event "Early-Titled-Tuesday-Blitz-March-05-2024"]
[Site "Chess.com"]
[Date "2024.03.05"]
[Round "5"]
[White "shirovin"]
[Black "EvgenyBurmakin"]
[Result "0-1"]
[WhiteElo "2068"]
[BlackElo "2349"]
[TimeControl "180+1"]
[EndTime "8:56:48 PST"]
[Termination "EvgenyBurmakin won by resignation"]

1. e4 c5 2. Nf3 d6 3. d4 cxd4 4. Nxd4 Nf6 5. Nc3 a6 6. Bg5 e6 7. f4 Nbd7 8. Qf3 Qc7 9. O-O-O Be7 10. g4 h6 11. Bxf6 Bxf6 12. h4 b5 13. g5 hxg5 14. hxg5 Rxh1 15. Qxh1 Be7 16. f5 Bxg5+ 17. Kb1 Nf8 18. Bh3 b4 19. Nce2 e5 20. Nf3 Be3 21.
Qg2 Bb7 22. Nd2 f6 23. Nf1 Bh6 24. Neg3 O-O-O 25. Nh5 Nh7 26. Qd2 Bxd2 0-1

[Event "Early-Titled-Tuesday-Blitz-March-05-2024"]
[Site "Chess.com"]
[Date "2024.03.05"]
[Round "5"]
[White "GameOverBro"]
[Black "Kiborg95"]
[Result "0-1"]
[WhiteElo "2559"]
[BlackElo "2795"]
[TimeControl "180+1"]
[EndTime "8:56:50 PST"]
[Termination "Kiborg95 won by checkmate"]

1. e4 d5 2. exd5 Qxd5 3. Nc3 Qa5 4. d4 Nf6 5. Nf3 Bg4 6. h3 Bh5 7. g4 Bg6 8. Ne5 c6 9. Bg2 e6 10. Qe2 Nbd7 11. Bd2 Bb4 12. a3 Nxe5 13. dxe5 Nd5 14.
Nxd5 Bxd2+ 15. Qxd2 Qxd2+ 16. Kxd2 cxd5 17. c4 dxc4 18. Bxb7 Rb8 19. Bc6+ Ke7 20. Ra2 Rhc8 21. Ba4 Rc5 22. f4 Rd8+ 23. Ke2 Rd4 24. Rf1 Bd3+ 25. Ke3 Re4+ 26. Kf3 g5 27. fxg5 Rcxe5 28. Rf2 Rxg5 29.
b4 h5 30. Bc6 hxg4+ 31. hxg4 Rexg4 32. b5 Rg3+ 33. Kf4 e5# 0-1

[Event "Early-Titled-Tuesday-Blitz-March-05-2024"]
[Site "Chess.com"]
[Date "2024.03.05"]
[Round "5"]
[White "Sebastian"]
[Black "guillembaches"]
[Result "1-0"]
[WhiteElo "2912"]
[BlackElo "2523"]
[TimeControl "180+1"]
[EndTime "8:56:50 PST"]
[Termination "Sebastian won by resignation"]

1. e4 d5 2. exd5 Qxd5 3. Nc3 Qa5 4. d4 Nf6 5. Nf3 Bf5 6. Bd2 e6 7. Ne5 Qb6 8. Qf3 Nbd7 9. Nc4 Qc6 10. Qxc6 bxc6 11.
O-O-O Ne4 12. Nxe4 Bxe4 13. f3 Bd5 14. Na5 e5 15. c4 Be6 16. Nxc6 f6 17. d5 Bf7 18. b4 g6 19. Bd3 Bg7 20. Rhe1 O-O 21. Bc3 Rfe8 22. g4 Nb6 23. Kc2 Nxd5 24. cxd5 Bxd5 25.
Be4 Bxa2 26. Ne7+ Kf7 27. Bxa8 Rxa8 28. Nd5 c6 29. Ne3 Bf8 30. Ra1 Be6 31. Ra6 Bh6 32.
Rxc6 f5 33. Bxe5 fxg4 34. Rc7+ Kg8 35. Nxg4 1-0

[Event "Early-Titled-Tuesday-Blitz-March-05-2024"]
[Site "Chess.com"]
[Date "2024.03.05"]
[Round "5"]
[White "Let_it_be_1"]
[Black "abc_xyz4744"]
[Result "1-0"]
[WhiteElo "2583"]
[BlackElo "2434"]
[TimeControl "180+1"]
[EndTime "8:56:50 PST"]
[Termination "Let_it_be_1 won by resignation"]

1. e4 c5 2. Nf3 g6 3. d4 cxd4 4. Nxd4 Bg7 5. c4 Nc6 6. Be3 Nf6 7. Nc3 O-O 8. Be2 e6 9. O-O d5 10. Nxc6 bxc6 11. e5 Nd7 12. f4 Bb7 13. Kh1 Qe7 14. a3 Rfd8 15. b4 f6 16. cxd5 cxd5 17. exf6 Qxf6 18.
Bd2 d4 19. Nb5 Nb6 20. Bf3 Bxf3 21. Qxf3 Rac8 22. Nxa7 Rc2 23. Rad1 Nc4 24. Qd3 Qf5 25. Qxf5 exf5 26. Bc1 d3 27. Nc6 Rd6 28. Na5 Nxa5 29. bxa5 d2 30. Bxd2 Rd5 31. Bb4 Rxd1 32. Rxd1 Bf8 33.
g3 Kf7 34. Rd7+ 1-0

[Event "Early-Titled-Tuesday-Blitz-March-05-2024"]
[Site "Chess.com"]
[Date "2024.03.05"]
[Round "5"]
[White "elmusmolamas"]
[Black "dealshark"]
[Result "1-0"]
[WhiteElo "2509"]
[BlackElo "2314"]
[TimeControl "180+1"]
[EndTime "8:56:50 PST"]
[Termination "elmusmolamas won by resignation"]

1. e4 c6 2. c4 d5 3. cxd5 cxd5 4. exd5 Nf6 5. Nf3 Nxd5 6. d4 e6 7. Nc3 Be7 8. Bd3 O-O 9. O-O b6 10. a3 Ba6 11. Nb5 Nd7 12. Re1 Rc8 13. Qb3 Bf6 14.
Bd2 Bxb5 15. Bxb5 Qc7 16. Bd3 Qb7 17. Rad1 Rc7 18. Bb1 Rd8 19. Ne5 Bxe5 20. dxe5 Nf8 21.
Bg5 Rdc8 22. Qg3 Ne7 23. h4 Rd7 24. h5 Rcd8 25. Bf6 Nfg6 26. hxg6 hxg6 27. Rxd7 Rxd7 28. Bxe7 Rd6 1-0

[Event "Early-Titled-Tuesday-Blitz-March-05-2024"]
[Site "Chess.com"]
[Date "2024.03.05"]
[Round "5"]
[White "Matols"]
[Black "BeardedNM"]
[Result "1-0"]
[WhiteElo "2398"]
[BlackElo "2208"]
[TimeControl "180+1"]
[EndTime "8:56:53 PST"]
[Termination "Matols won by checkmate"]

1. d4 e6 2. c4 Nf6 3. g3 d5 4. Nf3 Be7 5. Bg2 O-O 6. O-O dxc4 7. Qc2 a6 8. a4 Bd7 9. Qxc4 Bc6 10. Bf4 a5 11. Nc3 Na6 12. Rad1 Nb4 13. Ne5 Bxg2 14. Kxg2 c6 15. e4 Rc8 16. Qe2 Nd7 17. Nc4 b5 18. Nd6 Bxd6 19. Bxd6 Re8 20. axb5 Nb6 21. e5 cxb5 22. Qxb5 Nc4 23. Bxb4 axb4 24. Qxb4 Qc7 25.
Kg1 Rb8 26. Qc5 Qxc5 27. dxc5 Rxb2 28. Ne4 Nxe5 29. Rc1 Rc8 30. Rfd1 f5 31. Ng5 Rc6 32. Rd8# 1-0

[Event "Early-Titled-Tuesday-Blitz-March-05-2024"]
[Site "Chess.com"]
[Date "2024.03.05"]
[Round "5"]
[White "AradNazari"]
[Black "SnekkerAndersen"]
[Result "0-1"]
[WhiteElo "2837"]
[BlackElo "2642"]
[TimeControl "180+1"]
[EndTime "8:56:55 PST"]
[Termination "SnekkerAndersen won on time"]

1. e4 d6 2. d4 Nf6 3. Nc3 e5 4. Nf3 exd4 5. Nxd4 Be7 6. Be3 O-O 7. f3 a6 8. Qd2 b5 9. Be2 c5 10. Nb3 Be6 11.
O-O Nc6 12. Rad1 Qc7 13. a3 Rad8 14. Nd5 Bxd5 15. exd5 Ne5 16. Qa5 Qb7 17. Qd2 Nfd7 18. Na5 Qc7 19. f4 Ng6 20. Nc6 Rde8 21. f5 Nge5 22.
Bf4 Bf6 23. Bf3 Nxf3+ 24. Rxf3 Ne5 25. Bxe5 Bxe5 26. b3 Bf6 27. Re1 Qd7 28. Re2 h6 29. g4 Bg5 30. Qe1 Rxe2 31. Qxe2 Re8 32. Qd3 Re1+ 33.
Kg2 Qe8 34. Rf1 Re4 35. Qf3 Bh4 36. Kh1 Re2 37. c4 Re3 38. Qd1 Qe4+ 39. Kg1 Re2 0-1

[Event "Early-Titled-Tuesday-Blitz-March-05-2024"]
[Site "Chess.com"]
[Date "2024.03.05"]
[Round "5"]
[White "DarZay"]
[Black "HajiyevKanan"]
[Result "1-0"]
[WhiteElo "2346"]
[BlackElo "2520"]
[TimeControl "180+1"]
[EndTime "8:56:55 PST"]
[Termination "DarZay won by resignation"]

1. e4 c6 2. d4 d5 3. Nc3 a6 4. exd5 cxd5 5. Bd3 Nc6 6. Nf3 Bg4 7. Be3 e6 8. h3 Bh5 9. g4 Bg6 10. Bxg6 hxg6 11. Ne5 Bd6 12. f4 Nge7 13. a3 Qc7 14. Qd3 f6 15. Nxg6 O-O-O 16. Nxh8 Rxh8 17. O-O-O Bxf4 18. Bxf4 Qxf4+ 19. Kb1 b5 20. Ne2 Qd6 21. Ng3 Na5 22. Nh5 Rg8 23. Rhe1 Nc4 24. Qg3 Qb6 25. Nf4 b4 26. a4 b3 27. Qxb3 1-0

[Event "Early-Titled-Tuesday-Blitz-March-05-2024"]
[Site "Chess.com"]
[Date "2024.03.05"]
[Round "5"]
[White "Susal_De_Silva"]
[Black "Mesa_1"]
[Result "1-0"]
[WhiteElo "2646"]
[BlackElo "2485"]
[TimeControl "180+1"]
[EndTime "8:56:56 PST"]
[Termination "Susal_De_Silva won by checkmate"]

1. Nf3 g6 2. g3 Bg7 3. Bg2 e5 4. d3 d5 5. O-O Nc6 6. Nbd2 Nge7 7. c4 d4 8. Rb1 a5 9. b3 O-O 10. a3 Rb8 11. b4 axb4 12. axb4 b5 13. Ba3 bxc4 14.
Nxc4 Nd5 15. b5 Nc3 16. Qc2 Nxb1 17. Bxf8 Qxf8 18. Rxb1 Nb4 19. Qa4 Nd5 20. Qa7 Rb7 21.
Qa8 Nc3 22. Nfxe5 Nxb1 23. Bxb7 Bxb7 24. Qxb7 Nc3 25. Qxc7 Nxb5 26. Qd7 Nc3 27. Kf1 h6 28. Nc6 Qa8 29. Nd6 Qa1+ 30. Kg2 Qa2 31. Ne7+ Kh7 32.
Qe8 Qxe2 33. Qg8# 1-0

[Event "Early-Titled-Tuesday-Blitz-March-05-2024"]
[Site "Chess.com"]
[Date "2024.03.05"]
[Round "5"]
[White "InitiatingASC"]
[Black "lluiss"]
[Result "0-1"]
[WhiteElo "2350"]
[BlackElo "2174"]
[TimeControl "180+1"]
[EndTime "8:56:59 PST"]
[Termination "lluiss won by resignation"]

1. d4 Nf6 2. c4 g6 3. Nc3 Bg7 4.
e4 d6 5. Nf3 O-O 6. Be2 e5 7.
d5 c5 8. h3 Nh5 9. Be3 Nf4 10. Bf1 f5 11. Nd2 Nxg2+ 12. Bxg2 f4 13. Bxc5 dxc5 14. Bf3 h5 15. Qe2 b5 16. Nxb5 Na6 17. O-O-O Nb4 18. Kb1 Bd7 19. Rdg1 Rf6 20. Nc3 Rb8 21. Nb3 Nxa2 22. Ka1 Nxc3 23. bxc3 Rxb3 24.
Qa2 Rfb6 25. Rb1 Qb8 26. Rxb3 Rxb3 27. Rb1 Rxb1+ 28. Qxb1 Qxb1+ 29. Kxb1 Bxh3 30. Kb2 Bd7 31. Kc2 Kh7 32. Kd2 Kh6 33. Ke1 g5 34. Kf1 g4 35.
Bd1 h4 36. Kg2 h3+ 37. Kh2 Kg5 38. Bc2 Kh4 39. Bd1 g3+ 40. Kg1 Bf8 41. f3 a5 42. Bb3 a4 43. Ba2 h2+ 44. Kg2 Bh3+ 45. Kh1 Bf1 46. Bb1 Kh3 0-1

[Event "Early-Titled-Tuesday-Blitz-March-05-2024"]
[Site "Chess.com"]
[Date "2024.03.05"]
[Round "5"]
[White "Blitzstream"]
[Black "wadsy27"]
[Result "1-0"]
[WhiteElo "2811"]
[BlackElo "2614"]
[TimeControl "180+1"]
[EndTime "8:57:00 PST"]
[Termination "Blitzstream won by resignation"]

1. e4 e6 2. c4 d5 3. cxd5 exd5 4. exd5 Nf6 5. Nc3 Nxd5 6. Nf3 Be7 7. Bc4 c6 8. O-O O-O 9. d4 Bg4 10. h3 Bh5 11. g4 Bg6 12. Ne5 Nd7 13. Nxd5 cxd5 14. Bxd5 Nxe5 15. dxe5 Qb6 16. Qb3 Qd4 17. Re1 Rfd8 18.
Bg2 Qd3 19. Qxd3 Rxd3 20. Be3 Rc8 21. Rac1 Rxc1 22. Rxc1 b6 23. Rc8+ Bd8 24. Bg5 f6 25.
exf6 Kf7 26. fxg7 Rd1+ 27. Kh2 1-0

[Event "Early-Titled-Tuesday-Blitz-March-05-2024"]
[Site "Chess.com"]
[Date "2024.03.05"]
[Round "5"]
[White "subham777"]
[Black "Abund"]
[Result "0-1"]
[WhiteElo "2544"]
[BlackElo "2757"]
[TimeControl "180+1"]
[EndTime "8:57:00 PST"]
[Termination "Abund won by resignation"]

1. e4 c6 2. c4 d5 3. cxd5 cxd5 4.
exd5 Nf6 5. Nc3 Nxd5 6. Nf3 Nc6 7. Bc4 Nb6 8. Bb3 g6 9. d4 Bg7 10. O-O O-O 11. Be3 Nb4 12. a3 N4d5 13. Nxd5 Nxd5 14. Re1 Nxe3 15. Rxe3 e6 16. Ne5 Qd6 17. Nc4 Qd8 18. Rd3 b5 19. Ne5 Bb7 20. Rc1 Bxe5 21. dxe5 Qg5 22. Rg3 Qxe5 23. Qd7 Rac8 24. Rd1 Rcd8 25.
Qxd8 Rxd8 26. Rxd8+ Kg7 27. Re3 Qg5 0-1

[Event "Early-Titled-Tuesday-Blitz-March-05-2024"]
[Site "Chess.com"]
[Date "2024.03.05"]
[Round "5"]
[White "ansko1999"]
[Black "LiadCuba"]
[Result "1-0"]
[WhiteElo "2723"]
[BlackElo "2511"]
[TimeControl "180+1"]
[EndTime "8:57:01 PST"]
[Termination "ansko1999 won on time"]

1. Nf3 Nf6 2. c4 e6 3. g3 d5 4. Bg2 c5 5. cxd5 exd5 6. d4 Nc6 7. O-O a6 8. Re1 Be6 9. Nc3 Rc8 10. Bg5 cxd4 11.
Nxd4 Nxd4 12. Qxd4 Bc5 13. Qh4 Qb6 14. Bxf6 Bxf2+ 15. Kh1 Bxe1 16. Bxg7 Bxc3 17. bxc3 Rg8 18. Qxh7 Kd7 19. Rd1 Qb5 20. Bf3 Rce8 21. Kg2 Kc8 22. Bd4 Kb8 23. Rb1 Qc6 24. Rb6 Bg4 25. Rxc6 bxc6 26.
Qxf7 1-0

[Event "Early-Titled-Tuesday-Blitz-March-05-2024"]
[Site "Chess.com"]
[Date "2024.03.05"]
[Round "5"]
[White "Smoking_Crow"]
[Black "LiamPutnam2008"]
[Result "1-0"]
[WhiteElo "2622"]
[BlackElo "2889"]
[TimeControl "180+1"]
[EndTime "8:57:04 PST"]
[Termination "Smoking_Crow won by checkmate"]

1. d4 Nf6 2. c4 e6 3. Nc3 Bb4 4. a3 Bxc3+ 5. bxc3 O-O 6. f3 c5 7. e4 d6 8. Bd3 Nc6 9. Ne2 b6 10. O-O e5 11. d5 Na5 12. Bg5 h6 13. Bh4 Ba6 14.
f4 exf4 15. Nxf4 g5 16. Nh5 Nxh5 17. Qxh5 Kg7 18. e5 Bxc4 19. Rf6 Bxd3 20. Qxh6+ Kg8 21. Qxg5+ Bg6 22. Rxg6+ fxg6 23. Qxg6+ Kh8 24. Bxd8 Raxd8 25. e6 Rde8 26. Rd1 Re7 27. Rd3 Rg7 28. Qh6+ Kg8 29. Rg3 Rxg3 30. hxg3 Nc4 31. Qg6+ Kh8 32. e7 Ra8 33.
e8=Q+ Rxe8 34. Qxe8+ Kg7 35. Qe7+ Kg6 36. Qe4+ Kf6 37.
Qxc4 Ke5 38. g4 a6 39. g5 b5 40. Qe2+ Kxd5 41. g6 b4 42. g7 bxc3 43. g8=Q+ Kc6 44. Qc8+ Kd5 45. Qd3+ Ke5 46. Qe8+ Kf6 47. Qf3+ Kg5 48. Qg8+ Kh6 49. Qh3# 1-0

[Event "Early-Titled-Tuesday-Blitz-March-05-2024"]
[Site "Chess.com"]
[Date "2024.03.05"]
[Round "5"]
[White "UK_23"]
[Black "frequentblunders"]
[Result "0-1"]
[WhiteElo "2349"]
[BlackElo "2172"]
[TimeControl "180+1"]
[EndTime "8:57:04 PST"]
[Termination "frequentblunders won by resignation"]

1. f4 e6 2. Nf3 c5 3. e4 d5 4. d3 dxe4 5. dxe4 Qxd1+ 6. Kxd1 Nc6 7. c3 Nf6 8. Nbd2 b6 9. e5 Ng4 10. Ne4 Bb7 11. h3 O-O-O+ 12. Ke1 Nh6 13. Neg5 Be7 14. Be3 Rd7 15. Be2 Bxg5 16. Nxg5 Nf5 17. Bf2 h5 18.
Bf3 f6 19. exf6 gxf6 20. Ne4 Rf8 21. g4 hxg4 22. hxg4 Nd6 23. Nxd6+ Rxd6 24. Ke2 e5 25. f5 e4 26. Bg2 Ne5 27. Bg3 Rfd8 28. Bxe5 Rd2+ 29.
Ke3 R8d3+ 30. Kf4 fxe5+ 31. Kxe5 Rxg2 32. Rag1 Rxg1 33. Rxg1 e3 34. f6 e2 35. f7 Rf3 36.
Ke6 Rf1 37. f8=Q+ Rxf8 38. Re1 Ba6 39. g5 Rf1 0-1

[Event "Early-Titled-Tuesday-Blitz-March-05-2024"]
[Site "Chess.com"]
[Date "2024.03.05"]
[Round "5"]
[White "Quattroporte300"]
[Black "HanSchut"]
[Result "0-1"]
[WhiteElo "2445"]
[BlackElo "2314"]
[TimeControl "180+1"]
[EndTime "8:57:05 PST"]
[Termination "HanSchut won by resignation"]

1. e4 c5 2. Nf3 d6 3. d4 cxd4 4. Nxd4 Nf6 5. Nc3 a6 6. Bg5 e6 7. Qd2 Be7 8. f4 h6 9. Bh4 Nxe4 10. Bxe7 Nxd2 11. Bxd8 Nxf1 12. Bb6 Ne3 13. Nxe6 Nxg2+ 14. Kf2 fxe6 15. Kxg2 O-O 16. Rhf1 Nd7 17. Bc7 d5 18. Rae1 Nf6 19. Na4 Bd7 20. Nb6 Rae8 21. Nxd7 Nxd7 22.
c3 Rf5 23. Re2 Nc5 24. Rfe1 Ne4 25. h4 Re7 26. Be5 g5 27. Kh3 gxf4 28. Rg2+ Kf8 29.
Rxe4 dxe4 30. Bd6 e3 31. Re2 f3 32. Rxe3 f2 0-1

[Event "Early-Titled-Tuesday-Blitz-March-05-2024"]
[Site "Chess.com"]
[Date "2024.03.05"]
[Round "5"]
[White "diamonds13"]
[Black "RogelioOscarSanchezB"]
[Result "1-0"]
[WhiteElo "2348"]
[BlackElo "2016"]
[TimeControl "180+1"]
[EndTime "8:57:05 PST"]
[Termination "diamonds13 won on time"]

1. d4 Nf6 2. c4 g6 3. Nc3 Bg7 4. e4 O-O 5. Be2 d6 6. Bg5 h6 7. Bh4 Nc6 8. d5 Ne5 9. h3 g5 10. Bg3 a6 11. h4 b5 12. hxg5 hxg5 13. f4 gxf4 14. Bxf4 Nxc4 15. Bxc4 bxc4 16. Nf3 Bg4 17. Qd2 e5 18. Bh6 Nh5 19. Bg5 f6 20. Be3 Rb8 21.
Nh4 Kf7 22. Nf5 Rh8 23. Qf2 Nf4 24. O-O Bxf5 25. Bxf4 exf4 26. exf5 Bh6 27. Qf3 Qe7 28. Rae1 Qd7 29. Re6 Bg5 30. Rfe1 Rxb2 31. Ne4 1-0

[Event "Early-Titled-Tuesday-Blitz-March-05-2024"]
[Site "Chess.com"]
[Date "2024.03.05"]
[Round "5"]
[White "ClauSanLuis"]
[Black "tolimachess"]
[Result "1-0"]
[WhiteElo "2315"]
[BlackElo "2415"]
[TimeControl "180+1"]
[EndTime "8:57:06 PST"]
[Termination "ClauSanLuis won by checkmate"]

1. d4 d6 2. Bg5 Nf6 3. Bxf6 exf6 4. e3 d5 5. Bd3 Bd6 6. g4 c5 7. c3 Nc6 8. Ne2 Qb6 9. Nd2 Bd7 10. h3 O-O 11.
Qc2 h6 12. Nf3 Rac8 13. Kf1 Rfe8 14. Kg2 cxd4 15. Bh7+ Kh8 16. exd4 Rxe2 17. Qxe2 Kxh7 18. Nh4 Re8 19. Qf3 Kg8 20. b3 Ne7 21. Rae1 Be6 22. Nf5 Qd8 23. Ne3 Bb8 24. h4 Qd7 25. g5 Ng6 26. gxh6 Nf4+ 27. Kf1 g6 28. Ng2 Nxg2 29.
Kxg2 Kh7 30. Qxf6 Qe7 31. Qg7# 1-0